AoeStats
← no one

African Clearing

506856950Analyzed
4v4 RM · 17d ago on Sep 15, 2026· 43m 1s· 8 players
Game mode
Random Map
Map size
Large (8 player)
Population
200
Speed
Normal
Resources
Standard
Victory
Conquest
Starting age
Dark Age
Ending age
Imperial Age
RankedLock teamsTeams togetherTeam positionsShared explorationLock speedFull tech treeHidden civsTurbo modeCheats
Victory
Defeat
🇦🇷 Mongols · Argentina
1353
+15
🇹🇷 Vietnamese · Türkiye
1339
+15
🇹🇼 Aztecs · Taiwan
1288
+17
🇹🇼 Huns · Taiwan
1286
+17
🇨🇳 Spanish · China
1382
-18
1329
-16
🇭🇰 Khmer · Hong Kong SAR China
1288
-15
🇦🇷 Magyars · Argentina
1284
-15
你越呼救我就越兴奋
12:52 Feudal Age
13:51 Double-Bit Axe
14:30 Loom
22:13 Castle Age
20:03 Horse Collar
40:13 Fletching
41:21 Bloodlines
Ren
12:28 Loom
14:14 Feudal Age
15:21 Double-Bit Axe
18:05 Castle Age
16:25 Gold Mining
16:32 Horse Collar
18:41 Wheelbarrow
19:09 Bow Saw
24:25 Padded Archer Armor
25:02 Husbandry
27:13 Leather Archer Armor
27:16 Bloodlines
27:46 Town Watch
29:40 Fletching
30:08 Hand Cart
36:55 Imperial Age
35:18 Scale Barding Armor
35:24 Forging
36:21 Chain Barding Armor
36:59 Cavalier
38:21 Iron Casting
39:15 Plate Barding Armor
40:50 Blast Furnace
39:57 Bodkin Arrow
41:06 Conscription
41:52 Ring Archer Armor
虫
6:25 Loom
12:37 Feudal Age
22:39 Castle Age
21:18 Bloodlines
21:06 Double-Bit Axe
21:45 Gold Mining
23:32 Town Watch
24:23 Wheelbarrow
27:52 Horse Collar
30:15 Town Patrol
30:21 Heavy Plow
31:27 Bow Saw
32:20 Scale Barding Armor
32:26 Forging
33:21 Husbandry
38:05 Hand Cart
38:25 Chain Barding Armor
38:41 Iron Casting
43:31 Imperial Age
41:47 Gold Shaft Mining
43:19 Tusk Swords
43:19 Stone Mining
no one
9:27 Loom
12:42 Feudal Age
13:11 Double-Bit Axe
13:48 Horse Collar
18:21 Town Watch
22:10 Castle Age
21:17 Gold Mining
22:10 Bloodlines
22:58 Scale Barding Armor
25:47 Chain Barding Armor
31:27 Wheelbarrow
33:34 Bow Saw
35:31 Husbandry
39:08 Imperial Age
37:54 Stone Mining
39:21 Gold Shaft Mining
40:32 Plate Barding Armor
40:18 Cavalier
42:08 Fletching
[TAIDA] WH
8:20 Loom
11:52 Loom
13:55 Feudal Age
13:24 Loom
17:37 Castle Age
15:32 Double-Bit Axe
16:01 Forging
16:04 Gold Mining
16:38 Bloodlines
16:56 Scale Barding Armor
18:42 Chain Barding Armor
31:03 Sanctity
30:54 Fletching
31:51 Horse Collar
33:06 Bodkin Arrow
34:22 Husbandry
36:09 Ballistics
37:51 Padded Archer Armor
39:47 Leather Archer Armor
wun ren
3:34 Loom
14:43 Feudal Age
19:01 Castle Age
19:09 Double-Bit Axe
39:09 Gold Mining
39:38 Forging
39:50 Pikeman
40:52 Horse Collar
41:33 Heavy Plow
44:34 Imperial Age
42:19 Scale Mail Armor
forever666f
9:55 Loom
11:50 Feudal Age
12:54 Double-Bit Axe
16:31 Castle Age
14:19 Double-Bit Axe
18:18 Bow Saw
18:02 Fletching
23:03 Fishing Lines
25:39 Bodkin Arrow
29:02 Husbandry
30:09 Ballistics
32:44 Wheelbarrow
35:16 Hand Cart
34:55 Gold Mining
35:35 Bloodlines
35:31 Padded Archer Armor
38:20 Leather Archer Armor
42:58 Imperial Age
40:13 Town Watch
forever19f
10:59 Loom
12:46 Feudal Age
13:38 Double-Bit Axe
14:31 Stone Mining
19:45 Castle Age
19:24 Horse Collar
22:56 Wheelbarrow
23:13 Bow Saw
25:44 Fishing Lines
26:15 Fletching
26:26 Padded Archer Armor
28:53 Gillnets
30:16 Hand Cart
32:52 Stone Shaft Mining
32:08 Gold Mining
32:40 Thumb Ring
37:29 Imperial Age
35:16 Bodkin Arrow
35:21 Scale Mail Armor
35:32 Forging
36:00 Squires
35:22 Pikeman
37:14 Chain Mail Armor
37:16 Leather Archer Armor
36:43 Treadmill Crane
37:23 Ballistics
37:51 Stone Shaft Mining
38:44 Paper Money
39:27 Chemistry
38:23 Halberdier
39:11 Bracer
39:42 Plate Mail Armor
40:56 Siege Engineers
42:30 Iron Casting
42:26 Ring Archer Armor
42:44 Hoardings
42:17 Elite Rattan Archer
Connection lost

Rejoining the realm…

Still unreachable

The connection could not be restored.

Session expired

The server has moved on; the page needs a fresh start.